AoeStats
← O grande

Golden Pit

507468598Analyzed
1v1 RM · 13d ago on Sep 18, 2026· 29m 4s· 2 players
Game mode
Random Map
Map size
Tiny (2 player)
Population
200
Speed
Normal
Resources
Standard
Victory
Conquest
Starting age
Dark Age
Ending age
Imperial Age
RankedLock teamsTeams togetherTeam positionsShared explorationLock speedFull tech treeHidden civsTurbo modeCheats
Victory
Defeat
🇧🇷 Goths · Brazil
2026
+15
🇨🇭 Muisca · Switzerland
2013
-15
[V-VI] LemonJack
7:07 Loom
9:31 Feudal Age
11:02 Double-Bit Axe
15:05 Town Watch
16:01 Fletching
23:41 Castle Age
24:36 Bodkin Arrow
O grande
5:13 Loom
12:55 Feudal Age
17:53 Castle Age
16:50 Scale Mail Armor
29:17 Scale Barding Armor
29:28 Chain Mail Armor
Connection lost

Rejoining the realm…

Still unreachable

The connection could not be restored.

Session expired

The server has moved on; the page needs a fresh start.